 Dungeon Crawl Stone Soup version 0.27.1-15-g792fb953b9 (webtiles) character file.

Game seed: 5031666639266103051

48 DenSaoPin the Chopper (level 3, -1/46 HPs)
             Began as a Hill Orc Monk on Nov 19, 2021.
             Slain by Natasha (5 damage)
             ... on level 2 of the Dungeon.
             The game lasted 00:03:25 (1976 turns).

DenSaoPin the Chopper (Hill Orc Monk)               Turns: 1976, Time: 00:03:25

Health: -1/46      AC: 21    Str: 14    XL:     3   Next: 72%
Magic:  3/3        EV:  2    Int: 10    God:
Gold:   57         SH:  0    Dex: 13    Spells: 2/2 levels left

rFire    + . .     SeeInvis .   i - +0 war axe
rCold    x . .     Faith    .   (no shield)
rNeg     + + +     Spirit   .   (armour currently unavailable)
rPois    +         Reflect  .   (helmet currently unavailable)
rElec    .         Harm     .   (cloak currently unavailable)
rCorr    .         Rampage  .   (gloves currently unavailable)
Will     .....     NoTele   +   (boots currently unavailable)
Stlth    ++........             (no amulet)
HPRegen  0.15/turn              d - ring of flight
MPRegen  0.08/turn              f - ring of fire

@: tree-form, slowed, very slow
A: stationary, stasis, torment immunity, boosted hp
a: no special abilities


You were on level 2 of the Dungeon.
You were a tree.
You visited 1 branch of the dungeon, and saw 2 of its levels.

You collected 57 gold pieces.

Inventory:

Hand Weapons
 a - a +0 hand axe
 i - a +0 war axe (weapon)
Armour
 b - a +0 robe
 h - a +0 chain mail
 j - a +0 plate armour (melded)
Jewellery
 d - a ring of flight (left branch)
 f - a ring of fire (right branch)
Potions
 c - a potion of might {unknown}
 g - a potion of brilliance {unknown}
 k - a potion of curing {unknown}


   Skills:
 - Level 3.6 Fighting
 + Level 5.1 Axes
 + Level 2.4 Armour
 - Level 2.4 Dodging
 - Level 1.5 Stealth


You had 2 spell levels left.
You didn't know any spells.
Your spell library was empty.

Dungeon Overview and Level Annotations

Branches:
Dungeon (2/15)

Altars:

Annotations:
D:2 Natasha


Message History

You closely miss Natasha. Natasha claws you. x2
Your plate armour prevents you from hitting Natasha.
Natasha claws you but does no damage.
You slash Natasha!
Natasha is heavily wounded.
Natasha claws you!
You barely miss Natasha.
Natasha is heavily wounded.
Natasha completely misses you.
You closely miss Natasha.
Natasha is heavily wounded.
Natasha claws you but does no damage. Natasha claws you.
You hit Natasha.
Natasha is severely wounded.
Natasha barely misses you.
You barely miss Natasha.
Natasha is severely wounded.
Natasha claws you.
You closely miss Natasha.
Natasha is severely wounded.
Natasha claws you.
* * * LOW HITPOINT WARNING * * *
You hit Natasha but do no damage.
Natasha is severely wounded.
Natasha claws you but does no damage.
Natasha stares at you and mumbles some strange words.
You feel yourself slow down.
You barely miss Natasha.
Natasha is severely wounded.
Natasha claws you but does no damage. Natasha claws you.
* * * LOW HITPOINT WARNING * * *
You miss Natasha.
Natasha is severely wounded.
Natasha claws you but does no damage.
It was a potion of lignification.
You turn into a tree.
Your +0 plate armour melds into your body.
Your roots penetrate the ground.
Natasha claws you.
* * * LOW HITPOINT WARNING * * *
Natasha claws you.
You die...

#.# #...#.##
.#######.##
#...#..#
..........#
#...##.#
#.........#
##.(.##.####
#(........#
#...........
#.........#
#...†##..###
#.........#
#....###.##
#.........# #....#
#..# #......♣..#
#....# ##.##
#......h..# #....#
#..# #.........#
#....# #..#
########.#.......#
##.. #.#.#######
#.> #.......# ###
#........
#.......#
#.......#


You could see Natasha.

Vanquished Creatures
  Natasha (D:2)
  A worm (D:2)
  2 bats (D:1)
  2 endoplasms (D:1)
  A giant cockroach (D:1)
  A goblin (D:2)
  A hobgoblin (D:2)
  4 jackals (D:2)
  A quokka (D:1)
  A ball python (D:1)
  2 frilled lizards
  A kobold (D:1)
  A rat (D:1)
19 creatures vanquished.

Vanquished Creatures (others)
  2 demonic plants (D:2)
  A fungus (D:2)
  2 withered plants (D:2)
5 creatures vanquished.

Grand Total: 24 creatures vanquished

Notes
Turn   | Place    | Note
-------+----------+-------------------------------------------
     0 | D:1      | DenSaoPin the Hill Orc Monk began the quest for the Orb.
     0 | D:1      | Reached XP level 1. HP: 19/19 MP: 1/1
   464 | D:1      | Reached skill level 1 in Armour
   464 | D:1      | Reached XP level 2. HP: 13/26 MP: 2/2
  1366 | D:2      | Noticed Natasha
  1379 | D:2      | Noticed a crimson imp
  1380 | D:2      | Killed Natasha
  1381 | D:2      | Reached skill level 5 in Axes
  1381 | D:2      | Reached XP level 3. HP: 27/31 MP: 3/3
  1959 | D:2      | Noticed Natasha
  1976 | D:2      | Slain by Natasha

Illustrated notes

Levels and vault maps discovered:
D:1:      heliophobic_arrival_glass_houses, layout_basic, hex_tiny
D:2:      layout_basic, shapermc_ecumenical_altar_gd, uniq_natasha

Skill      XL: |  1  2 |
---------------+-------+-----
Armour         | 1 2 |  2.4
Axes           | 5 |  5.1
Fighting       | |  3.6
Dodging        | |  2.4
Stealth        | |  1.5

Action                   || total
-------------------------++-------
Melee: Hand axe          ||    98
       War axe           ||    12
  Use: Potion            ||     1
 Stab: Sleeping          ||     2
Armor: Robe              ||     8
       Chain mail        ||    34
       Plate armour      ||     5
Dodge: Dodged            ||    47
